 Dungeon Crawl Stone Soup version 0.27-a0-416-gca2cecf3c0 (webtiles) character file.

Game seed: 15705153853165786095

159 dickylongcocking the Insei (level 5, 0/36 HPs)
             Began as an Octopode Transmuter on Feb 25, 2021.
             Succumbed to an adder's poison
             ... in a sewer.
             The game lasted 00:01:59 (3730 turns).

dickylongcocking the Insei (Octopode Transmuter)    Turns: 3730, Time: 00:02:00

Health: 0/36       AC:  1    Str: 15    XL:     5   Next: 40%
Magic:  17/17      EV: 15    Int: 16    God:
Gold:   107        SH:  0    Dex: 11    Spells: 7/8 levels left

rFire    + . .     SeeInvis .     - Unarmed
rCold    . . .     Faith    .   (no shield)
rNeg     . . .     Spirit   .   (helmet restricted)
rPois    .         Reflect  .   f - amulet of the acrobat
rElec    .         Harm     .   c - +6 ring of strength
rCorr    .         Rampage  .   h - ring of magical power
Will     .....     Clarity  +   (no ring)
Stlth    ++++......             (no ring)
HPRegen  0.12/turn              (no ring)
MPRegen  0.15/turn              (no ring)
                                (no ring)
                                (no ring)

@: lethally poisoned (0 -> -7)
A: almost no armour, stealthy swim, amphibious, 8 rings, constrict 8, repulsion
field 1, camouflage 1, clarity, clumsy 1, fire resistance 1, gelatinous body 1
a: no special abilities


You were in a sewer.
You visited 1 branch of the dungeon, and saw 3 of its levels.
You also visited: Sewer.

You collected 107 gold pieces.

Inventory:

Jewellery
 c - a +6 ring of strength (left tentacle)
 f - an amulet of the acrobat (around mantle)
 h - a ring of magical power (right tentacle)
Scrolls
 a - a scroll of fog {unknown}
 b - a scroll of immolation {unknown}
 e - 3 scrolls of identify {unknown}


   Skills:
 * Level 2.9 Fighting
 - Level 2.0 Dodging
 + Level 2.6 Stealth
 * Level 4.7 Unarmed Combat
 - Level 2.0 Spellcasting
 - Level 2.0 Transmutations


You had 7 spell levels left.
You knew the following spells:

 Your Spells              Type           Power        Failure   Level
a - Beastly Appendage     Tmut           16%          9%          1

Your spell library contained the following spells:

 Spells                   Type           Power        Failure   Level
 Wereblood                Tmut           8%           14%         2
 Spider Form              Tmut/Pois      2%           38%         3
 Ice Form                 Ice/Tmut       4%           80%         4
 Blade Hands              Tmut           4%           94%         5


Dungeon Overview and Level Annotations

Branches:
Dungeon (3/15)              Sewer (1/1)

Altars:
Elyvilon
Kikubaaqudgha
Qazlal
Vehumet
Xom


Innate Abilities, Weirdness & Mutations

You cannot wear most types of armour.
You are very stealthy in the water. (Stealth+)
You are amphibious.
You can wear up to eight rings at the same time.
You can use your tentacles to constrict eight enemies at once.
Your skin changes colour to match your surroundings (Stealth+).
Your rubbery body absorbs attacks. (AC +1, EV +1)
You are surrounded by a mild repulsion field. (EV +2)
You possess an exceptional clarity of mind.
You are clumsy. (Dex -2)
Your flesh is heat resistant. (rF+)


Message History

Unknown command.
You tentacle-slap the adder. Your grab misses the adder.
The adder is almost dead.
You feel sick. The adder bites you.
You are more poisoned.
The adder poisons you! The adder bites you.
You are lethally poisoned!
The adder poisons you!
You tentacle-slap the adder. Your grab misses the adder.
Your squeeze misses the adder.
The adder is almost dead.
The adder completely misses you.
Unknown command.
There is a lethal amount of poison in your body!
You barely miss the adder. Your grab misses the adder.
The adder is almost dead.
* * * LOW HITPOINT WARNING * * *
You feel sick. The adder bites you.
* * * LOW HITPOINT WARNING * * *
It was a potion of mutation.
You feel extremely strange.
You feel clumsy.
You feel resistant to heat.
Your thoughts seem clearer.
You begin to radiate repulsive energy.
* * * LOW HITPOINT WARNING * * *
You feel sick. The adder bites you.
* * * LOW HITPOINT WARNING * * *
Unknown command.
You barely miss the adder. Your grab misses the adder.
The adder is almost dead.
* * * LOW HITPOINT WARNING * * *
You feel sick. The adder bites you but does no damage.
Unknown command.
Unknown command.
You closely miss the adder. Your grab misses the adder.
The adder is almost dead.
* * * LOW HITPOINT WARNING * * *
You feel sick. The adder barely misses you. x2
Unknown command.
You miss the adder. Your grab misses the adder. Your squeeze misses the adder.
The adder is almost dead.
You die...

###########
≈≈≈.......#
≈≈≈≈≈≈≈S≈.#
≈≈≈≈≈≈≈@≈.#
≈≈≈≈≈≈≈≈≈≈#
≈≈≈≈≈.≈≈≈.#
≈########≈#
#≈# #≈# #≈#
#≈# #≈#


You could see an adder.

Vanquished Creatures
  An orc wizard (D:2)
  5 adders
  A river rat (D:3)
  3 dart slugs (D:2)
  2 worms
  2 leopard geckos (D:1)
  4 orcs (D:2)
  5 giant cockroaches
  4 goblins
  6 hobgoblins
  3 jackals (D:2)
  3 quokkas (D:2)
  5 ball pythons
  5 bats
  4 frilled lizards
  6 kobolds
  7 rats
66 creatures vanquished.

Notes
Turn   | Place    | Note
-------+----------+-------------------------------------------
     0 | D:1      | dickylongcocking the Octopode Transmuter began the quest
                  | for the Orb.
     0 | D:1      | Reached XP level 1. HP: 13/13 MP: 3/3
   151 | D:1      | Reached XP level 2. HP: 11/18 MP: 3/5
  1366 | D:2      | Reached XP level 3. HP: 16/23 MP: 6/6
  1563 | D:2      | Reached skill level 1 in Stealth
  1867 | D:2      | Reached skill level 4 in Unarmed Combat
  1886 | D:2      | HP: 1/24 [kobold/+0 dagger (2)]
  2259 | D:2      | Reached XP level 4. HP: 7/29 MP: 7/7
  2749 | D:2      | Found a white marble altar of Elyvilon.
  2751 | D:2      | Found a stormy altar of Qazlal.
  2751 | D:2      | Found an ancient bone altar of Kikubaaqudgha.
  2753 | D:2      | Found a shimmering altar of Xom.
  2753 | D:2      | Found a radiant altar of Vehumet.
  2753 | D:2      | Found a white marble altar of Elyvilon.
  3266 | D:3      | Found a glowing drain.
  3273 | D:3      | Reached XP level 5. HP: 31/35 MP: 8/8
  3289 | Sewer    | Entered a sewer
  3727 | Sewer    | Gained mutation: You are clumsy. (Dex -2) [potion of
                  | mutation]
  3727 | Sewer    | Gained mutation: Your flesh is heat resistant. (rF+)
                  | [potion of mutation]
  3727 | Sewer    | Gained mutation: You possess an exceptional clarity of
                  | mind. [potion of mutation]
  3727 | Sewer    | Gained mutation: You are surrounded by a mild repulsion
                  | field. (EV +2) [potion of mutation]
  3729 | Sewer    | HP: 1/36 [poisoned by an adder]
  3730 | Sewer    | Succumbed to an adder's poison

Illustrated notes

Levels and vault maps discovered:
D:1:      minmay_arrival_four_circles, layout_loops_ring
D:2:      layout_loops_ring, doesnt_xom_only_xom
D:3:      layout_rooms, portal_sewer_entry_b, st_stairs_4,
          uniq_crazy_yiuf_cottage, uniq_natasha, uniq_jessica
Sewer:    sewer_frog_island_01

Skill      XL: |  1  2  3  4 |
---------------+-------------+-----
Stealth        | 1 2 |  2.6
Unarmed Combat | 4 |  4.7
Fighting       | 2 |  2.9
Dodging        | |  2.0
Spellcasting   | |  2.0
Transmutations | |  2.0

Action                   |  1- 3 |  4- 6 || total
-------------------------+-------+-------++-------
Melee: Unarmed           |    84 |    74 ||   158
       Constrict         |    24 |    19 ||    43
       Kick              |     5 |       ||     5
       Tentacles         |    16 |    15 ||    31
       Punch             |     2 |     2 ||     4
 Cast: Beastly Appendage |     6 |       ||     6
  Use: Potion            |     2 |     1 ||     3
       Scroll            |     2 |       ||     2
 Stab: Sleeping          |     9 |     2 ||    11
       Distracted        |       |     1 ||     1
Armor: Skin              |     9 |    13 ||    22
Dodge: Dodged            |    41 |    71 ||   112

Table legend: (Time is in decaauts)
 A = Elapsed time spent in this place.
 B = Non-inter-level travel time spent in this place.
 C = Inter-level travel time spent in this place.
 D = Time resting spent in this place.
 E = Time spent auto-exploring this place.
 F = Levels seen in this place.
 G = Mean time per level.
                   A        B        C        D        E       F      G
               +--------+--------+--------+--------+--------+-----+--------+
         Total |   3715 |   3673 |     42 |    806 |   2409 |   4 |  928.8 |
       Dungeon |   3277 |   3235 |     42 |    696 |   2155 |   3 | 1092.3 |
         Sewer |    438 |    438 |      0 |    110 |    254 |   1 |  438.0 |
               +--------+--------+--------+--------+--------+-----+--------+

Top non-repeatable levels by time:
     D:2: 1902 daAuts
     D:1: 1351 daAuts
   Sewer: 438 daAuts
     D:3: 24 daAuts
